 Dungeon Crawl Stone Soup version 0.27-a0-660-g90476cec82 (webtiles) character file.

Game seed: 6727001969303134422

2158 spiderkeys the Spear-Bearer (level 9, -6/84 HPs)
             Began as a Palentonga Berserker on Mar 17, 2021.
             Was a Believer of Trog.
             Mangled by an orc warrior
             ... wielding a +0 glaive
              (18 damage)
             ... on level 5 of the Dungeon.
             The game lasted 00:09:04 (6032 turns).

spiderkeys the Spear-Bearer (Palentonga Berserker)  Turns: 6032, Time: 00:09:08

Health: -6/84      AC: 17    Str: 23    XL:     9   Next: 10%
Magic:  9/9        EV:  5    Int:  7    God:    Trog [**....]
Gold:   275        SH:  7    Dex: 11    Spells: 8/8 levels left

rFire    . . .     SeeInvis +   a - +0 spear
rCold    . . .     Faith    .   l - +0 kite shield
rNeg     . . .     Spirit   .   c - +0 chain mail
rPois    .         Reflect  .   g - +0 helmet
rElec    .         Harm     .   s - scarf {repulsion}
rCorr    +         Rampage  .   (no gloves)
Will     ++...                  (no barding)
Stlth    ..........             (no amulet)
HPRegen  1.24/turn              j - ring of resist corrosion
MPRegen  0.11/turn              (no ring)

@: berserk cooldown, regenerating, slowed, repel missiles, curled up, very slow
A: large, rugged brown scales 3, see invisible, deformed body, roll 1, armoured
tail, reflexive curl
a: Rolling Charge, Renounce Religion, Berserk, Trog's Hand


You were on level 5 of the Dungeon.
You worshipped Trog.
Trog was pleased with you.
You visited 1 branch of the dungeon, and saw 6 of its levels.

You collected 275 gold pieces.

Inventory:

Hand Weapons
 a - a +0 spear (weapon)
Armour
 c - a +0 chain mail (worn)
 g - a +0 helmet (worn)
 l - a +0 kite shield (worn)
 s - a scarf of repulsion (worn)
 t - a +0 cloak
Jewellery
 j - a ring of resist corrosion (right hand)
Wands
 m - a wand of iceblast (8)
Scrolls
 d - 2 scrolls of enchant armour {unknown}
 f - 5 scrolls of teleportation {unknown}
 h - 4 scrolls of amnesia {unknown}
 i - 5 scrolls of identify {unknown}
 k - 2 scrolls of blinking {unknown}
 p - a scroll of fog {unknown}
 r - a scroll of fear {unknown}
 u - a scroll of immolation {unknown}
Potions
 b - a potion of curing
 e - a potion of haste
 n - a potion of might
 o - a potion of ambrosia
 q - a potion of attraction


   Skills:
 + Level 7.4 Fighting
 * Level 9.3 Polearms
 + Level 5.9 Armour
 + Level 5.9 Dodging
 + Level 0.0 Shields


You had 8 spell levels left.
You didn't know any spells.
Your spell library contained the following spells:

 Spells                   Type           Power      Damage    Failure   Level
 Animate Skeleton         Necr           0%         N/A       100%        1
 Apportation              Tloc           0%         N/A       100%        1
 Corona                   Hex            0%         N/A       100%        1
 Summon Small Mammal      Summ           0%         N/A       100%        1


Dungeon Overview and Level Annotations

Branches:
Dungeon (6/15)             Temple (0/1) D:5

Altars:
Ashenzari
Fedhas
Kikubaaqudgha
Makhleb
Uskayaw
Zin


Innate Abilities, Weirdness & Mutations

You are completely covered in rugged brown scales. (AC +3, +7% HP)
You have supernaturally acute eyesight. (SInv)
Armour fits poorly on your strangely shaped body.
You can roll at nearby foes to attack.
You have a long armoured tail.
You curl defensively after being hit.


Message History

You barely miss the orc warrior.
Your tail-slap misses the orc warrior.
The orc warrior is moderately wounded.
You block the orc warrior's attack.
You closely miss the orc warrior.
The orc warrior is moderately wounded.
You barely miss the orc warrior.
The orc warrior is moderately wounded.
The orc warrior hits you with a +0 glaive!!
The orc warrior barely misses you.
You feel a strong urge to attack something.
You feel your anger nearly subside.
You are no longer berserk.
Trog's vigour flows through your veins.
You are exhausted.
You feel yourself slow down.
Okay, then.
Roll where?
Press: ? - help, Dir - move target, f - orc warrior
Aim: an orc warrior, wielding a +0 glaive and wearing a +0 plate armour (moderately wounded)
Okay, then.
Your skin crawls.
You feel strong-willed.
The orc warrior hits you from afar with a +0 glaive.
* * * LOW HITPOINT WARNING * * *
The orc warrior barely misses you.
You're still recovering from your berserk rage.
Roll where?
Press: ? - help, Dir - move target, f - orc warrior
Aim: an orc warrior, wielding a +0 glaive and wearing a +0 plate armour (moderately wounded)
You roll forward with a clatter of scales!
You closely miss the orc warrior.
The orc warrior is moderately wounded.
You block the orc warrior's attack.
Okay, then.
Your shield and chain mail prevent you from hitting the orc warrior.
You tail-slap the orc warrior, but do no damage.
The orc warrior is moderately wounded.
The orc warrior hits you with a +0 glaive!
* * * LOW HITPOINT WARNING * * *
The orc warrior hits you with a +0 glaive!!
You die...

#.# #.# #..
##################
#................#
#.##o[............
#.##.##..####.##.#
#o##.###.####..#.#
#@##.#...........#
#°##.#.####.####.#
#.##.#.##.....##.#
#.##.#.#.......#.#
#.##.#)#.......#..
##'##......._......
#.......#.......#..
#.....+.#.......#..
#####.....#.##.....##..


You could see an orc warrior.

Vanquished Creatures
  Pikel (D:5)
  Prince Ribbit (D:5)
  Eustachio (D:4)
  A sky beast (D:5)
  A phantom (D:4)
  4 lemures
  Blork the orc (D:5)
  A scorpion (D:5)
  A hound (D:5)
  Crazy Yiuf (D:4)
  2 centaur skeletons (D:5)
  An orc wizard (D:5)
  2 worker ants
  A shadow imp (D:5)
  2 white imps (D:5)
  2 oozes (D:2)
  An adder zombie (D:5)
  A worm (D:3)
  4 dart slugs
  5 leopard geckos
  10 orcs
  7 bats
  4 giant cockroaches
  7 goblins
  3 hobgoblins
  10 jackals
  A ball python (D:1)
  5 frilled lizards
  A jackal zombie (D:3)
  5 kobolds
  A quokka skeleton (D:5)
  5 rats
93 creatures vanquished.

Notes
Turn   | Place    | Note
-------+----------+-------------------------------------------
     0 | D:1      | spiderkeys the Palentonga Berserker began the quest for the
                  | Orb.
     0 | D:1      | Reached XP level 1. HP: 20/20 MP: 1/1
   176 | D:1      | Reached XP level 2. HP: 27/27 MP: 2/2
   213 | D:1      | Reached skill level 3 in Polearms
   593 | D:1      | Reached XP level 3. HP: 33/33 MP: 3/3
  1133 | D:2      | Reached ** piety under Trog
  1695 | D:3      | Found a burning altar of Makhleb.
  1707 | D:3      | Found a broken altar of Ashenzari.
  1708 | D:3      | Found a glowing silver altar of Zin.
  1709 | D:3      | Found a blossoming altar of Fedhas.
  1761 | D:3      | Reached XP level 4. HP: 27/40 MP: 4/4
  1951 | D:3      | Found an ancient bone altar of Kikubaaqudgha.
  2535 | D:4      | Noticed a phantom
  2641 | D:4      | Killed a phantom
  2642 | D:4      | Reached skill level 4 in Polearms
  2642 | D:4      | Reached XP level 5. HP: 22/49 MP: 5/5
  3249 | D:4      | Noticed Eustachio
  3270 | D:4      | Killed Eustachio
  3271 | D:4      | Reached XP level 6. HP: 51/55 MP: 6/6
  3533 | D:4      | Found a runed translucent door.
  3534 | D:4      | Noticed Crazy Yiuf
  3541 | D:4      | Killed Crazy Yiuf
  3620 | D:5      | Entered Level 5 of the Dungeon
  3865 | D:5      | Found a staircase to the Ecumenical Temple.
  3915 | D:5      | Noticed a sky beast
  3942 | D:5      | Killed a sky beast
  3943 | D:5      | Reached skill level 5 in Polearms
  3943 | D:5      | Gained mutation: You curl defensively after being hit.
                  | [Palentonga growth]
  3943 | D:5      | Reached XP level 7. HP: 39/64 MP: 7/7
  4086 | D:5      | Found a hide-covered altar of Uskayaw.
  4153 | D:5      | Noticed Prince Ribbit
  4177 | D:5      | Killed Prince Ribbit
  5158 | D:5      | Noticed Blork the orc
  5184 | D:5      | Reached skill level 9 in Polearms
  5184 | D:5      | Reached skill level 5 in Armour
  5184 | D:5      | Reached skill level 5 in Dodging
  5184 | D:5      | Reached XP level 8. HP: 31/78 MP: 8/8
  5188 | D:5      | Killed Blork the orc
  5661 | D:5      | Noticed Pikel
  5669 | D:5      | Killed Pikel
  5670 | D:5      | Reached XP level 9. HP: 84/84 MP: 9/9
  6032 | D:5      | Mangled by an orc warrior

Illustrated notes

Levels and vault maps discovered:
D:1:      eino_arrival_cavern_b, layout_loops_corners
D:2:      layout_basic
D:3:      layout_basic, nicolae_overflow_hidden_temple, minitemple
D:4:      layout_cave_pools, uniq_crazy_yiuf_cottage, uniq_eustachio
D:5:      layout_basic, old_standard_altar, uniq_pikel, uniq_blork_the_orc,
          uniq_prince_ribbit1
D:6:      layout_loops_ring, serial_bayou, serial_bayou_pond_d,
          serial_bayou_shore_b, serial_bayou_ford_a, serial_bayou_pond_a,
          uniq_menkaure

Skill      XL: |  1  2  3  4  5  6  7 |
---------------+----------------------+-----
Polearms       | 3 4 5 9 |  9.3
Armour         | 2 3 5 |  5.9
Dodging        | 2 3 5 |  5.9
Fighting       | 4 7 |  7.4

Action                   |  1- 3 |  4- 6 |  7- 9 || total
-------------------------+-------+-------+-------++-------
Melee: Spear             |   136 |   139 |   173 ||   448
       Tailslap          |     9 |    13 |    24 ||    46
Invok: Berserk           |       |     4 |     5 ||     9
       Trog's Hand       |       |       |     2 ||     2
 Abil: Rolling Charge    |       |       |     1 ||     1
  Use: Potion            |       |       |     6 ||     6
Armor: Chain mail        |    46 |    67 |    70 ||   183
Dodge: Dodged            |    33 |    34 |    36 ||   103
Block: Kite shield       |       |       |     4 ||     4

Table legend: (Time is in decaauts)
 A = Elapsed time spent in this place.
 B = Non-inter-level travel time spent in this place.
 C = Inter-level travel time spent in this place.
 D = Time resting spent in this place.
 E = Time spent auto-exploring this place.
 F = Levels seen in this place.
 G = Mean time per level.
                   A        B        C        D        E       F      G
               +--------+--------+--------+--------+--------+-----+--------+
         Total |   6044 |   5889 |    155 |   1929 |   3159 |   6 | 1007.3 |
       Dungeon |   6044 |   5889 |    155 |   1929 |   3159 |   6 | 1007.3 |
               +--------+--------+--------+--------+--------+-----+--------+

Top non-repeatable levels by time:
     D:5: 1936 daAuts
     D:3: 1418 daAuts
     D:4: 1126 daAuts
     D:1: 967 daAuts
     D:2: 457 daAuts
     D:6: 138 daAuts
